Map: Rifts to Korhal

Players

zaki

  • Race: Terran Terran
  • Spawn Location: 7:00

CtG

  • Race: Terran Terran

VOD

https://youtu.be/VBYWD6loBfg

Description

Tried various builds for Han and Horner on this mutation, but so far this is the one that I found works best. Placement of mag mines and timing/placement of top bars are both important for this game.

Time

  • Played on: July 9, 2018, 8:32 a.m.
  • Length: 21:05
Show
View Real Time Build Order
Export as new Build Order

zaki Terran 

Build Orders:  

Get SALT Encoding   

  12  0:04  SCV  
  13  0:21  SCV  
  13  0:29  Refinery  
  14  0:38  SCV  
  15  0:50  Barracks  
  15  0:55  SCV  
  16  1:11  SCV  
  16  1:19  Refinery  
  17  1:26  Engineering Bay  
  17  1:30  SCV  
  18  1:47  SCV  
  19  2:04  SCV  
  19  2:05  Barracks Tech Lab  
  20  2:21  SCV  
  21  2:50  Elite Marine  
  21  2:58  Defensive Drone  
  25  3:21  Super Stimpack  
  25  3:25  SCV  
  26  3:35  Ghost Visor  
  26  4:06  Laser Targeting System  
  26  4:12  Factory  
  26  4:19  Command Center  
  26  4:20  Caduceus Reactor  
  30  4:50  SCV  
  27  5:03  Suppression Shells  
  27  5:06  SCV  
  27  5:08  Terran Infantry Weapons Level 1  
  28  5:14  Factory Tech Lab  
  28  5:23  SCV  
  29  5:33  Suppression Shells  
  29  5:40  SCV  
  29  5:48  Hellbat Rangers  
  34  5:56  Defensive Drone  
  34  5:57  SCV  
  35  6:12  Defensive Drone  
  35  6:18  Triple Tap  
  35  6:32  SCV  
  35  6:38  Refinery  
  36  6:41  Refinery  
  36  6:49  SCV, Starport  
  37  6:54  Armory  
  37  7:01  Ares-Class Targeting System  
  37  7:06  SCV  
  38  7:23  SCV  
  39  7:40  SCV  
  39  7:41  Starport Tech Lab  
  39  7:48  Terran Infantry Armor Level 1  
  40  7:57  SCV  
  41  8:05  Strike Goliath  
  47  8:14  SCV  
  47  8:15  Raven Type-II  
  50  8:27  Operational Efficiency  
  50  8:31  SCV  
  51  8:48  SCV  
  49  8:54  Defensive Drone  
  49  8:56  Defensive Drone  
  49  9:18  Railgun Turret  
  47  9:21  Instant Regeneration  
  47  9:24  Defensive Drone  
  46  9:39  Elite Marine  
  50  9:56  Hellbat Rangers  
  54  10:21  Covert Banshee  
  60  10:37  Defensive Drone  
  60  10:48  Defensive Drone  
  60  11:07  Strike Goliath  
  66  11:32  Defensive Drone  
  66  11:33  Defensive Drone  
  66  11:41  Railgun Turret  
  66  12:00  Spec Ops Ghost  
  70  12:31  Defensive Drone  
  70  12:34  Railgun Turret  
  70  12:40  Griffin Airstrike  
  68  12:54  Raven Type-II  
  70  13:03  Railgun Turret  
  70  13:18  Covert Banshee  
  76  13:21  Enhanced Manufacturing  
  76  13:37  Terran Vehicle and Ship Weapons Level 1  
  76  13:50  Terran Infantry Weapons Level 2  
  76  14:06  Covert Triage  
  76  14:07  Lockdown Missiles  
  76  14:28  Defensive Drone  
  76  14:29  Defensive Drone  
  76  14:31  Railgun Turret  
  76  14:32  Railgun Turret  
  76  14:36  Railgun Turret  
  76  14:37  Railgun Turret  
  76  14:38  Railgun Turret  
  75  14:51  Rocket Barrage  
  75  15:06  Spec Ops Ghost  
  79  15:33  Elite Marine  
  79  15:36  Advanced Cloaking Field  
  83  15:50  Defensive Drone  
  83  15:56  Railgun Turret  
  83  15:57  Railgun Turret  
  83  16:15  Railgun Turret x2  
  83  16:17  Terran Vehicle And Ship Armor Level 1  
  83  16:31  Strike Goliath  
  83  16:37  Hellbat Rangers  
  93  17:15  Spec Ops Ghost  
  97  17:34  Defensive Drone  
  97  17:36  Instant Regeneration, Defensive Drone  
  71  17:53  Raven Type-II  
  73  18:05  Elite Marine  
  73  18:07  Hellbat Rangers  
  81  18:31  Railgun Turret  
  81  18:32  Railgun Turret  
  81  18:39  Covert Banshee  
  87  18:57  Railgun Turret  
  87  18:58  Railgun Turret  
  87  19:36  Spec Ops Ghost  
  91  19:44  Railgun Turret  
  91  19:45  Railgun Turret  
  91  19:46  Railgun Turret x2  
  91  19:59  Railgun Turret  
  91  20:00  Railgun Turret  
  91  20:01  Railgun Turret x2  
  91  20:02  Railgun Turret  
  91  20:18  Strike Goliath  
  97  20:28  Railgun Turret  
  97  20:29  Railgun Turret  
Show
View Real Time Build Order
Export as new Build Order

CtG Terran 

Build Orders:  

Get SALT Encoding   

  12  0:05  Starport Tech Lab  
  12  0:08  SCV  
  13  0:25  SCV  
  13  0:29  Supply Depot  
  15  0:42  SCV  
  15  0:55  Assault Galleon  
  15  1:06  SCV  
  17  1:23  SCV  
  17  1:29  Assault Galleon  
  18  1:40  SCV  
  18  1:54  Refinery  
  18  1:57  SCV, Reaper  
  20  2:08  Reaper  
  22  2:14  SCV  
  22  2:15  Refinery  
  22  2:29  Reaper  
  24  2:31  SCV  
  24  2:32  Reaper  
  24  2:39  Reaper  
  26  2:42  Reaper  
  26  2:48  SCV  
  26  2:49  Reaper  
  29  3:15  SCV  
  30  3:24  Supply Depot  
  30  3:32  Engineering Bay  
  30  3:36  SCV  
  31  3:54  Reaper  
  32  4:07  Command Center  
  32  4:15  Reaper x2  
  34  4:20  LE9 Cluster Charges  
  32  4:32  Reaper x2  
  33  4:49  SCV  
  32  5:01  Reaper  
  32  5:02  Reaper  
  32  5:05  SCV  
  35  5:10  Refinery  
  35  5:14  Reaper x2  
  35  5:15  Refinery  
  37  5:24  Reaper x2  
  36  5:34  Reaper x2  
  38  5:44  Reaper x2  
  41  5:55  SCV x2  
  36  6:15  SCV  
  36  6:16  SCV  
  38  6:20  Reaper x2  
  42  6:32  SCV  
  42  6:33  SCV  
  42  6:44  Jetpack Overdrive  
  42  6:45  Armory  
  42  6:49  SCV  
  44  6:50  SCV  
  44  6:51  Supply Depot, Reaper  
  45  7:06  SCV x2  
  47  7:18  Reaper x2  
  51  7:23  SCV x2  
  51  7:26  Unregistered Cloak System  
  51  7:34  Reaper x2  
  55  7:40  SCV x2  
  55  7:57  SCV x2  
  55  7:59  Reaper x2  
  61  8:14  SCV x2  
  61  8:16  Assault Galleon  
  61  8:42  Horner Weapons Level 1  
  61  8:54  Reaper x2  
  61  9:04  Reaper  
  57  9:21  Reaper x3  
  60  9:31  SCV x2  
  60  9:41  Supply Depot  
  60  9:43  Trigger Override  
  60  9:44  Asteria Wraith  
  60  9:48  SCV x2  
  70  9:52  Fusion Core  
  70  9:56  Reaper x3  
  73  10:17  Reaper x3  
  73  10:19  Supply Depot  
  76  10:34  Reaper x3  
  79  10:44  Reaper  
  80  10:52  Theia Raven  
  80  10:58  Supply Depot, Asteria Wraith  
  90  11:19  Widow Mine  
  90  11:40  Reaper x3  
  90  11:50  Reaper x2  
  88  12:03  Reaper x3  
  88  12:09  Supply Depot  
  91  12:11  Overcharged Reactor  
  91  12:25  Sovereign Battlecruiser  
  101  12:39  Reaper x3  
  104  12:49  Reaper x3  
  98  12:59  Reaper  
  97  13:10  Horner Weapons Level 2  
  97  13:12  Reaper x3  
  100  13:22  Reaper x2  
  111  13:40  Drone Hangar  
  111  13:41  Supply Depot  
  111  13:50  Drone Hangar x2  
  111  13:57  Sovereign Battlecruiser  
  121  14:13  Supply Depot  
  103  14:43  Reaper x3  
  103  14:53  Reaper  
  103  14:55  Reaper  
  103  14:56  Reaper  
  106  15:02  Reaper  
  106  15:03  Assault Galleon  
  106  15:05  Assault Galleon, Reaper  
  106  15:06  Reaper  
  109  15:17  Reaper x3  
  112  15:27  Reaper x3  
  115  15:37  Asteria Wraith  
  115  15:57  Reaper x3  
  118  16:07  Reaper x2  
  120  16:15  Reaper x3  
  120  16:17  Reaper  
  123  16:33  Reaper x2  
  123  16:34  Reaper  
  123  16:35  Theia Raven  
  127  16:43  Reaper x4  
  130  17:09  Reaper x3  
  134  17:10  Reaper x2  
  134  17:11  Horner Weapons Level 3  
  134  17:17  Supply Depot  
  134  17:19  Reaper x2  
  137  17:30  Sovereign Battlecruiser  
  127  17:48  Reaper  
  127  17:49  Reaper x3  
  127  17:57  Reaper  
  127  17:58  Reaper  
  127  17:59  Reaper  
  127  18:11  Reaper x2  
  127  18:12  Reaper x3  
  127  18:14  Deimos Viking  
  127  18:15  Theia Raven  
  133  18:21  Reaper x3  
  133  18:22  Reaper x2  
  126  18:31  Reaper x3  
  126  18:38  Reaper x2  
  130  18:41  Reaper x2  
  124  19:08  Reaper x5  
  123  19:17  Theia Raven  
  123  19:18  Reaper  
  123  19:32  Reaper x4  
  123  19:33  Reaper  
  126  19:42  Reaper x4  
  126  19:51  Reaper  
  126  19:52  Reaper x3  
  126  19:55  Reaper  
  123  20:01  Deimos Viking, Reaper  
  123  20:02  Reaper x3  
  120  20:11  Theia Raven  
  120  20:19  Reaper x3  
  119  20:24  Assault Galleon  
  119  20:29  Reaper x2  
  113  20:33  Reaper x2  
  113  20:39  Reaper x2  
  114  20:41  Asteria Wraith  
  114  20:43  Reaper  
Tags
 
Add a new tag
Caveats
  • Supply blocks, unpowered buildings, or Contaminate may cause inaccurate times.
  • Supply counts are checked every 10 seconds.